 Dungeon Crawl Stone Soup version 0.17-a0-1882-g750edc8 (webtiles) character file.

7076 kae the Martial Artist (level 10, -21/71 HPs)
             Began as a Purple Draconian Transmuter on Sept 22, 2015.
             Was an Elder of Qazlal.
             Killed from afar by asdu's ghost (38 damage)
             ... with a bolt of negative energy
             ... on level 9 of the Dungeon.
             The game lasted 00:17:00 (12600 turns).

kae the Martial Artist (DrTm)                      Turns: 12600, Time: 00:17:00

Health: -21/71     AC:  7    Str: 13    XL:     10   Next: 84%
Magic:  9/13       EV:  6    Int: 14    God:    Qazlal [****..]
Gold:   199        SH:  5    Dex: 17    Spells: 4 memorised, 2 levels left

rFire  . . .     SeeInvis .       - Unarmed
rCold  . . .     Clarity  .     (armour unavailable)
rNeg   . . .     SustAt   .     (shield currently unavailable)
rPois  .         Gourm    .     (helmet restricted)
rElec  .         Spirit   .     (no cloak)
rCorr  .         Warding  .     (gloves currently unavailable)
rMut   .         Stasis   .     (no boots)
MR     +....                    (no amulet)
Stlth  +.........               p - +3 ring of dexterity
                                f - ring of wizardry

@: blade hands (expiring), slowed, repel missiles, heavily drained, very slow,
somewhat resistant to hostile enchantments, very unstealthy
A: breathe power, unfitting armour, cold-blooded, AC +7
a: Breathe Dispelling Energy, End Transformation, Upheaval, Elemental Force,
Renounce Religion


You were on level 9 of the Dungeon.
You worshipped Qazlal.
Qazlal was greatly pleased with you.
You were very hungry.
You had blades for hands.
You visited 2 branches of the dungeon, and saw 10 of its levels.
You also visited: Sewer.

You collected 339 gold pieces.
You spent 140 gold pieces at shops.

Inventory:

Missiles
 a - 76 arrows
 D - 17 arrows of frost
 H - 8 arrows of flame
Armour
 r - a +1 pair of gloves (melded)
Jewellery
 e - an uncursed ring of positive energy
 f - a ring of wizardry (left scythe-like blade)
 k - a +3 ring of evasion
 p - a +3 ring of dexterity (right scythe-like blade)
 q - a +2 ring of intelligence
 F - an uncursed ring of invisibility
Magical devices
 s - a wand of confusion (31)
 u - a wand of invisibility (4)
 v - a wand of slowing (32)
 C - a wand of lightning (13)
Scrolls
 d - 12 scrolls of identify
 m - 3 scrolls of remove curse
 t - 2 scrolls of enchant armour
 y - 2 scrolls of teleportation
 G - a scroll of magic mapping
 I - a scroll of recharging
Potions
 g - 4 potions of magic
 i - a potion of might
 l - 9 potions of curing
 o - 2 potions of brilliance
 x - 5 potions of heal wounds
 z - a potion of lignification
 A - a potion of agility
 B - 2 potions of flight
 E - a potion of berserk rage
Books
 b - a book of Changes

   Spells                             Type                      Level
   a - Beastly Appendage              Transmutation                1
   b - Sticks to Snakes               Transmutation                2
   c - Spider Form                    Transmutation/Poison         3
   d - Ice Form                       Ice/Transmutation            4
   e - Blade Hands                    Transmutation                5
 w - a book of Minor Magic

   Spells                             Type                      Level
   a - Magic Dart                     Conjuration                  1
   b - Blink                          Translocation                2
   c - Call Imp                       Summoning                    2
   d - Repel Missiles                 Charms/Air                   2
   e - Slow                           Hexes                        2
   f - Conjure Flame                  Conjuration/Fire             3
   g - Mephitic Cloud                 Conjuration/Poison/Air       3
Comestibles
 c - 5 bread rations
 h - 5 meat rations


   Skills:
 + Level 1.2(0.0) Fighting
 - Level 1.7(0.3) Dodging
 - Level 13.4(11.4) Unarmed Combat
 - Level 2.4(0.9) Spellcasting
 - Level 10.0(8.2) Transmutations


You had 2 spell levels left.
You knew the following spells:

 Your Spells              Type           Power        Failure   Level  Hunger
a - Beastly Appendage     Trmt           ###...       6%          1    ##.....
b - Sticks to Snakes      Trmt           ###.......   7%          2    ###....
c - Spider Form           Trmt/Pois      ##........   28%         3    ####...
d - Blade Hands           Trmt           ###.......   34%         5    ######.


Dungeon Overview and Level Annotations

Branches:
Dungeon (9/15)             Temple (1/1) D:5
   Lair: D:8-11         Orc: D:9-12

Altars:
Ashenzari
Cheibriados
Elyvilon
Fedhas
Gozag
Kikubaaqudgha
Makhleb
Nemelex Xobeh
Okawaru
Qazlal
Ru
Sif Muna
Trog
Vehumet
Xom
Yredelemnul
Zin
The Shining One

Shops:
D:5 !

Annotations:
D:3 Anothat's ghost, average VSMo
D:9 asdu's ghost, experienced DrIE


Innate Abilities, Weirdness & Mutations

You can breathe bolts of dispelling energy.
Your rich purple scales are hard (AC +7).
Your body does not fit into most forms of armour.
You are cold-blooded and may be slowed by cold attacks.


Message History

You are feeling very hungry.
Asdu's ghost hits you. The gnoll closely misses you.
You slice the gnoll!!
You kill the gnoll!
Qazlal accepts your kill.
Asdu's ghost points at you and mumbles some strange words.
You are frozen.
You feel yourself slow down.
You slice the gnoll!!
You kill the gnoll!
Qazlal accepts your kill.
Your transformation is almost over.
Asdu's ghost breathes negative energy at you.
The bolt of negative energy hits you!
You feel drained.
* * * LOW HITPOINT WARNING * * *
The gnoll hits you.
* * * LOW HITPOINT WARNING * * *
Asdu's ghost breathes negative energy at you.
The bolt of negative energy hits you!
You feel drained.
Ouch! That really hurt!
You die...

###.##..).)# ...S##
.. #>....§.##.#
#..... ##......
#.....#.##)###..##
... .... ##...
#.)...§..###. ..
.... #..
#####..§..##.# .#
... ##
#...##.##..##.#..#
###....#.###....#§.#
#.?....§.§###..#...#
#.#......@W....<...#
#.#......§g......###
# #......#########
########


You could see asdu's ghost and a gnoll.

Vanquished Creatures
  A cyclops (D:8)
  Joseph (D:7)
  The ghost of Anothat the Grappler, an experienced VSMo of Cheibriados (D:5)
  Prince Ribbit (D:9)
  2 two-headed ogres
  4 yaks
  2 hippogriffs (D:8)
  Menkaure (D:7)
  2 orc warriors (D:8)
  Duvessa (D:7)
  A water moccasin (D:8)
  4 sky beasts
  A phantom (D:5)
  5 ogres
  4 ice beasts
  A big kobold (D:7)
  Blork the orc (D:6)
  A centaur (D:8)
  5 giant frogs (D:8)
  A gnoll sergeant (D:8)
  A water moccasin zombie (D:6)
  Dowan (D:7)
  2 scorpions
  6 killer bees
  8 wights (D:8)
  A giant frog zombie (D:5)
  5 crimson imps
  3 orc wizards
  A hound (D:4)
  A centaur skeleton (D:4)
  8 orc priests
  A gnoll shaman (D:5)
  3 jellies
  2 giant frog skeletons
  5 worker ants
  4 iguanas
  2 hound zombies
  2 hound skeletons
  14 adders
  7 gnolls
  5 river rats (Sewer)
  3 adder skeletons (D:4)
  4 worms
  6 giant geckos
  34 orcs
  5 ball pythons (Sewer)
  5 giant cockroaches
  6 goblins
  9 hobgoblins
  6 quokkas
  11 bats
  6 giant newts
  25 jackals
  A jackal skeleton (D:6)
  28 kobolds
  A quokka zombie (D:8)
  27 rats
299 creatures vanquished.

Notes
Turn   | Place    | Note
--------------------------------------------------------------
     0 | D:1      | kae the Draconian Transmuter began the quest for the Orb.
     0 | D:1      | Reached XP level 1. HP: 16/16 MP: 3/3
   188 | D:1      | Reached XP level 2. HP: 20/23 MP: 3/5
   379 | D:1      | Reached skill level 4 in Unarmed Combat
   716 | D:1      | Reached XP level 3. HP: 23/28 MP: 6/6
  1245 | D:2      | Found a shimmering altar of Xom.
  1250 | D:2      | Found a white marble altar of Elyvilon.
  1251 | D:2      | Found a stormy altar of Qazlal.
  1251 | D:2      | Found a bloodstained altar of Trog.
  1256 | D:2      | Found a radiant altar of Vehumet.
  1334 | D:2      | Became a worshipper of Qazlal Stormbringer
  1464 | D:2      | Reached skill level 5 in Unarmed Combat
  1464 | D:2      | Reached XP level 4. HP: 35/35 MP: 7/7
  1485 | D:2      | Found a burning altar of Makhleb.
  2015 | D:3      | Noticed Anothat's ghost (average VSMo)
  2099 | D:3      | Learned a level 2 spell: Sticks to Snakes
  2103 | D:3      | Learned a level 3 spell: Spider Form
  2164 | D:3      | Reached XP level 5. HP: 30/40 MP: 8/8
  2295 | D:3      | Found a glowing silver altar of Zin.
  2409 | D:3      | Reached skill level 6 in Unarmed Combat
  2737 | D:3      | Noticed a sky beast
  2744 | D:3      | Killed a sky beast
  2744 | D:3      | Reached skill level 7 in Unarmed Combat
  2744 | D:3      | Reached XP level 6. HP: 37/47 MP: 5/9
  2826 | D:4      | Acquired Qazlal's first power
  3337 | D:4      | Reached skill level 8 in Unarmed Combat
  3427 | D:4      | Your scales start taking on a rich purple colour.
  3427 | D:4      | Reached XP level 7. HP: 37/52 MP: 6/10
  3938 | D:4      | Reached skill level 9 in Unarmed Combat
  4118 | D:5      | Entered Level 5 of the Dungeon
  4197 | D:5      | Found Esiabb's Distillery.
  4200 | D:5      | Bought a potion of heal wounds for 50 gold pieces
  4200 | D:5      | Bought 2 potions of degeneration for 20 gold pieces
  4200 | D:5      | Bought a potion of lignification for 30 gold pieces
  4200 | D:5      | Bought a potion of agility for 40 gold pieces
  4223 | D:5      | Found an opulent altar of Gozag.
  4235 | D:5      | Acquired Qazlal's second power
  4237 | D:5      | Noticed Anothat's ghost (experienced VSMo)
  4597 | D:5      | Found a glowing drain.
  4627 | Sewer    | Entered a sewer
  4762 | Sewer    | Acquired Qazlal's third power
  5351 | D:5      | Found a staircase to the Ecumenical Temple.
  5389 | Temple   | Entered the Ecumenical Temple
  5611 | D:5      | Reached XP level 8. HP: 52/59 MP: 9/11
  5639 | D:5      | Found a blossoming altar of Fedhas.
  5696 | D:5      | Reached skill level 10 in Unarmed Combat
  5924 | D:5      | Killed Anothat's ghost
  5977 | D:5      | Reached skill level 11 in Unarmed Combat
  6320 | D:6      | Learned a level 5 spell: Blade Hands
  6528 | D:6      | Noticed Blork the orc
  6547 | D:6      | Killed Blork the orc
  6601 | D:6      | Reached XP level 9. HP: 50/64 MP: 12/12
  7056 | D:6      | Reached skill level 12 in Unarmed Combat
  7340 | D:7      | Noticed Dowan
  7344 | D:7      | Noticed Joseph
  7345 | D:7      | Noticed Duvessa
  7363 | D:7      | Killed Joseph
  7363 | D:7      | Acquired Qazlal's fourth power
  7366 | D:7      | Killed Duvessa
  7373 | D:7      | Killed Dowan
  7434 | D:7      | Noticed Menkaure
  7452 | D:7      | Killed Menkaure
  7464 | D:7      | Reached skill level 13 in Unarmed Combat
  7754 | D:7      | Found an ancient bone altar of Kikubaaqudgha.
  9023 | D:9      | Noticed Prince Ribbit
  9041 | D:9      | Killed Prince Ribbit
  9041 | D:9      | Reached skill level 5 in Transmutations
  9041 | D:9      | Reached XP level 10. HP: 38/71 MP: 11/13
  9615 | D:8      | Noticed a cyclops
  9633 | D:8      | Killed a cyclops
  9911 | D:9      | Noticed asdu's ghost (experienced DrIE)
  9920 | D:8      | HP: 3/71 [giant frog (4)]
 12352 | D:8      | Reached skill level 10 in Transmutations
 12600 | D:9      | Killed from afar by asdu's ghost

Vault maps used:
D:1:      mrwooster_arrival_statue
D:2:      makhleb_altar_promises_db, minitemple
D:3:      zin_scriptorium
D:5:      grunt_gozag_statues, kennysheep_little_box, temple_fountains,
          serial_shops, nicolae_shop_behind_doors, first_bread,
          portal_sewer_entry_f
D:6:      uniq_blork_the_orc
D:7:      lemuel_doored_altar, uniq_menkaure, uniq_joseph, uniq_duvessa
D:9:      nicolae_dithmenos_through_a_glass_darkly, grunt_pizzeria,
          uniq_prince_ribbit1
Temple:   minmay_temple_bridge_c_8
Sewer:    sewer_minmay_treatment

Action                   |  1- 3 |  4- 6 |  7- 9 | 10-12 || total
-------------------------+-------+-------+-------+-------++-------
Melee: Unarmed           |   136 |   208 |   505 |   208 ||  1057
 Cast: Beastly Appendage |     6 |    14 |    18 |     6 ||    44
       Spider Form       |       |     4 |     4 |     7 ||    15
       Blade Hands       |       |       |       |     2 ||     2
Evoke: Wand              |       |       |     1 |       ||     1
  Use: Scroll            |       |     8 |     8 |     1 ||    17
       Potion            |       |       |     2 |     1 ||     3
 Stab: Sleeping          |       |     1 |       |       ||     1
       Invisible         |       |       |     3 |       ||     3
  Eat: Chunk             |     2 |     6 |    11 |     6 ||    25
       Beef jerky        |       |       |     2 |     1 ||     3
       Bread ration      |       |       |     1 |       ||     1
       Pizza             |       |       |     1 |       ||     1
       Meat ration       |       |       |       |     1 ||     1
